 Dungeon Crawl Stone Soup version 0.18-a0-1773-gec4f98e (webtiles) character file.

1330 penismuncher the Carver (level 8, -7/57 HPs)
             Began as an Octopode Wanderer on Apr 15, 2016.
             Was an Initiate of Ru.
             Killed by divine providence
             ... invoked by an orc priest
              (11 damage)
             ... on level 6 of the Dungeon.
             The game lasted 00:05:29 (5765 turns).

penismuncher the Carver (Octopode Wanderer)         Turns: 5765, Time: 00:05:30

Health: -7/57      AC:  1    Str: 11    XL:     8   Next: 60%
Magic:  8/8        EV: 11    Int: 13    God:    Ru [......]
Gold:   273        SH:  0    Dex: 15    Spells: 0 memorised, 7 levels left

rFire  . . .     SeeInvis .     a - +2 hand crossbow
rCold  . . .     Gourm    .     (no shield)
rNeg   . . .     Faith    .     (helmet restricted)
rPois  .         Spirit   .     (no amulet)
rElec  .         Dismiss  .     (no ring)
rCorr  .         Reflect  .     (no ring)
SustAt .         Harm     .     (no ring)
MR     .....                    (no ring)
Stlth  ++........               (no ring)
                                (no ring)
                                (no ring)
                                (no ring)

@: not resistant to hostile enchantments, unstealthy
A: almost no armour, amphibious, 8 rings, constrict 8, camouflage 1, gelatinous
body 1
a: Renounce Religion


You were on level 6 of the Dungeon.
You worshipped Ru.
Ru was noncommittal.
You were not hungry.

You visited 2 branches of the dungeon, and saw 7 of its levels.

You collected 273 gold pieces.

Inventory:

Hand Weapons
 a - a +2 hand crossbow (weapon)
 c - a +0 shortbow
 e - a +3 quarterstaff of chaos
 n - a +0 scimitar
Missiles
 b - 53 bolts (quivered)
 d - 109 arrows
Magical Staves
 v - an uncursed staff of air
Jewellery
 p - a +1 ring of slaying {unknown}
 t - an uncursed ring of magical power {unknown}
Wands
 y - a wand of slowing (33/48)
Scrolls
 g - 3 scrolls of remove curse {unknown}
 h - 5 scrolls of teleportation {unknown}
 k - 6 scrolls of identify {unknown}
 m - a scroll of enchant armour {unknown}
 u - a scroll of immolation {unknown}
 w - 2 scrolls of fog {unknown}
 A - a scroll of random uselessness {unknown}
Potions
 i - a potion of flight {unknown}
 j - a potion of ambrosia {unknown}
 l - a potion of resistance {unknown}
 o - a potion of mutation {unknown}
 q - 2 potions of might {unknown}
 r - a potion of cancellation {unknown}
 B - a potion of brilliance {unknown}
Comestibles
 f - a bread ration
 s - 6 meat rations
 x - 2 slices of pizza


   Skills:
 - Level 6.0 Fighting
 + Level 9.0 Long Blades
   Level 1.0 Maces & Flails
 - Level 1.0 Crossbows
 - Level 1.0 Throwing
   Level 1.0 Shields
 - Level 4.4 Unarmed Combat


You had 7 spell levels left.
You didn't know any spells.

Dungeon Overview and Level Annotations

Branches:
Dungeon (6/15)             Temple (1/1) D:5

Altars:
Ashenzari
Cheibriados
Dithmenos
Elyvilon
Fedhas
Gozag
Kikubaaqudgha
Makhleb
Nemelex Xobeh
Okawaru
Pakellas
Qazlal
Ru
Sif Muna
Trog
Xom
Zin
The Shining One

Annotations:
D:3 exclusion: downstairs
D:4 Sigmund; ktulu8bugs's ghost, novice FoEE


Innate Abilities, Weirdness & Mutations

You cannot wear most types of armour.
You are amphibious.
You can wear up to eight rings at the same time.
You can use your tentacles to constrict eight enemies at once.
Your skin changes colour to match your surroundings (Stealth).
Your rubbery body absorbs attacks (AC +1).


Message History

The orc warrior hits you from afar with an enchanted glaive!!
Ouch! That really hurt!
The orc priest shouts!
You hear a shout!
Press: ? - help, v - describe, . - travel
Here: an orc warrior, wielding an enchanted glaive and wearing a chain mail (slow)
The floor.
Wield which item (- for none, * to show all)? (? for menu, Esc to quit)
a - a +2 hand crossbow (weapon)
Firing (i - inventory):
b - 54 bolts (quivered)
Press: ? - help, Shift-Dir - straight line, f/p - orc warrior
Aim: an orc warrior, wielding an enchanted glaive and wearing a chain mail (slow)
You shoot a bolt.
The bolt closely misses the orc warrior.
The bolt closely misses the orc.
The bolt hits the orc priest!
The orc priest is severely wounded.
The orc warrior hits you from afar with an enchanted glaive!!
* * * LOW HITPOINT WARNING * * *
The orc priest calls down the wrath of Beogh upon you.
Beogh smites you!
You die...

#..# #..... ##.## #.....
##.## ##..... ##.## ##......
##.## ####.......
#..######......##..
##........#########
#..#......# #@###.....## ##.#
##.....## #..# ##.....##
##..# ##.....# #.oo# ##....##
##o..########....##
##o...##....###....# #
#..#..##...........## ##
########..#..###...........##


You could see an orc warrior, an orc priest and 2 orcs.

Vanquished Creatures
  Prince Ribbit (D:5)
  2 phantoms
  A centaur (D:5)
  Blork the orc (D:5)
  A giant frog (D:6)
  A jelly (D:5)
  4 howler monkeys
  2 crimson imps (D:5)
  3 hounds (D:5)
  Crazy Yiuf (D:5)
  2 orc wizards
  3 giant frog skeletons (D:5)
  2 worker ants
  A hound zombie (D:5)
  6 adders
  2 oozes
  An adder skeleton (D:5)
  2 worms
  3 dart slugs
  2 giant geckos
  16 orcs
  7 giant cockroaches
  5 goblins
  5 hobgoblins
  4 jackals (D:1)
  3 bats (D:3)
  2 giant newts
  A kobold (D:2)
  A quokka skeleton (D:4)
  5 rats
  A fungus (D:5)
91 creatures vanquished.

Notes
Turn   | Place    | Note
--------------------------------------------------------------
     0 | D:1      | penismuncher the Octopode Wanderer began the quest for the Orb.
     0 | D:1      | penismuncher set off with: a +2 hand crossbow, 25 bolts, a +0 shortbow, 25 arrows, a potion of lignification, a bread ration
     0 | D:1      | Reached XP level 1. HP: 19/19 MP: 1/1
    57 | D:1      | Reached skill level 1 in Unarmed Combat
    60 | D:1      | Reached XP level 2. HP: 23/25 MP: 2/2
   763 | D:2      | Reached XP level 3. HP: 30/30 MP: 3/3
  1335 | D:3      | Reached XP level 4. HP: 36/36 MP: 4/4
  1735 | D:3      | Reached XP level 5. HP: 14/41 MP: 5/5
  2084 | D:4      | Reached skill level 1 in Long Blades
  2102 | D:4      | Noticed ktulu8bugs's ghost (novice FoEE)
  2105 | D:4      | Found a shadowy altar of Dithmenos.
  2307 | D:4      | Reached skill level 2 in Long Blades
  2366 | D:4      | Noticed Sigmund
  2404 | D:5      | Entered Level 5 of the Dungeon
  2673 | D:5      | Noticed Prince Ribbit
  2686 | D:5      | Killed Prince Ribbit
  2686 | D:5      | Reached skill level 4 in Long Blades
  2686 | D:5      | Reached XP level 6. HP: 21/46 MP: 6/6
  2919 | D:5      | Reached skill level 5 in Long Blades
  2919 | D:5      | Reached XP level 7. HP: 49/52 MP: 7/7
  3236 | D:5      | Reached skill level 6 in Long Blades
  4001 | D:5      | Reached skill level 7 in Long Blades
  4004 | D:5      | Noticed Blork the orc
  4009 | D:5      | Killed Blork the orc
  4009 | D:5      | Reached XP level 8. HP: 45/57 MP: 8/8
  4218 | D:5      | Found a staircase to the Ecumenical Temple.
  4238 | Temple   | Entered the Ecumenical Temple
  4245 | Temple   | Became a worshipper of Ru the Awakened
  4604 | D:5      | Reached skill level 8 in Long Blades
  4625 | D:5      | Noticed Crazy Yiuf
  4669 | D:5      | Killed Crazy Yiuf
  5573 | D:6      | Reached skill level 9 in Long Blades
  5765 | D:6      | Killed from afar by an orc priest

Vault maps used:
D:1:      saegor_arrival_simple_e, minivault_27
D:4:      first_bread, kennysheep_small_spiral, nicolae_dithmenos_the_darkroom,
          uniq_sigmund
D:5:      minmay_temple_entry_overgrown, uniq_blork_the_orc,
          uniq_crazy_yiuf_cottage, uniq_prince_ribbit1
Temple:   nicolae_temple_no_exploring_needed

Skill      XL: |  1  2  3  4  5  6  7  8 |
---------------+-------------------------+-----
Unarmed Combat | 1 2 3 4 |  4.4
Long Blades    | 4 5 7 9 |  9.0
Fighting       | |  6.0
Maces & Flails | |  1.0
Crossbows      | |  1.0
Throwing       | |  1.0
Shields        | |  1.0

Action                   |  1- 3 |  4- 6 |  7- 9 || total
-------------------------+-------+-------+-------++-------
Melee: Hand crossbow     |       |     1 |       ||     1
       Scimitar          |       |     4 |    91 ||    95
       Tentacles         |       |     1 |    21 ||    22
       Constrict         |       |     1 |    14 ||    15
       Punch             |       |       |     3 ||     3
 Fire: Hand crossbow     |    71 |    93 |    55 ||   219
Evoke: Wand              |       |       |     2 ||     2
  Use: Potion            |       |     3 |     2 ||     5
 Stab: Sleeping          |       |       |     1 ||     1
  Eat: Chunk             |       |     1 |     4 ||     5
       Bread ration      |       |     1 |     1 ||     2
       Pizza             |       |     1 |       ||     1
Armor: Skin              |     1 |    19 |    11 ||    31
Dodge: Dodged            |    11 |    32 |    55 ||    98
